← All builds
Geo / Armada / Economy first / OBSERVED BUILD

Standard geo

Eco-first Geo build that rushes geothermal power and T2 constructor before transitioning into Starlight-led T2 units for front, the role's baseline play.

Usually blows up the commander for T2 (66%)

#eco #t2 · 709 distinct matches · 107 players · 58% of Armada Geo games · team won 54% of 800 · Recently observed

HOW TO PLAY IT

Key timing: Geothermal Powerplant by 3:26

  1. Open mex and wind into Bot Lab.
  2. Rush geothermal for the early energy spike.
  3. Add Advanced Metal Extractor, then Advanced Geothermal by 7:07.
  4. Bring up Vehicle Plant alongside T2 con for "Starlight" and vehicles.
  5. Funnel "Starlight" and T1 vehicles to front, pay allies with cons and "Lazarus".

Phase by phase

TYPICAL OF ITS 709 GAMES
  1. 1
  2. 2
  3. 3
  4. 4
PLAY THE OPENING

Follow the example game's first 6:00 step by step: what to build now, what comes next, and where it goes. At 1× it keeps pace with your own game.

  1. 1

    Up to the Bot Lab

    Economy
    • Metal Extractor2Mex
    • Wind Turbine4Wind
    Order
    1. Bot LabBot Lab after 2 mex, 4 winddone ~1:12, middle half 0:58–1:22

    By 0:55 in all: 2 mex · 4 wind

    The example game in this phase · 6 steps
    1. Mex ×2
    2. Wind ×2
    3. SentrySentry
    4. Mex
    5. Wind ×2
    6. Bot LabBot Labdone 1:31 · typical 1:12
  2. 2

    Bot Lab to 5:00

    Economy
    • Metal Extractor2Mex
    • Wind Turbine3Wind
    • Energy Converter8Converter
    • Energy Storage1Energy storage
    Order
    1. Geothermal PowerplantGeo after 4 mex, 5 wind, 1 energy storage
    Builders
    • Construction Turret5 Con turret
    • Lazarus4 Lazarus
    • Construction Bot2 Con bot
    • Construction Bot1 Con bot for allies
    • Lazarus1 Lazarus for allies

    By 5:00 in all: 4 mex · 6 wind · 1 geo · 8 converter · 1 energy storage · 5 con turret

    The example game in this phase · 22 steps
    1. LazarusLazarus ×2
    2. Wind
    3. LazarusLazarus
    4. Construction BotCon botfor Beach sea
    5. Wind
    6. LazarusLazarus
    7. Construction BotCon bot
    8. LazarusLazarusfor Beach sea
    9. LazarusLazarus
    10. Mex
    11. Construction BotCon bot
    12. Converter
    13. Geothermal PowerplantGeodone 3:54 · typical 3:26
    14. Converter
    15. Solar
    16. Con turret
    17. SentrySentry
    18. PawnPawn ×2
    19. Con turret
    20. PawnPawn
    21. Con turret ×3
    22. Energy storage
  3. 3

    5:00 to Vehicle Plant

    Order
    1. Advanced Geothermal PowerplantAdvanced Geothermal Powerplant after 8 wind, 10 converter, 6 con turretin 59% of games
    2. Vehicle PlantVehicle Plant after 9 wind, 10 converter, 6 con turretdone ~7:07, middle half 6:42–7:41
    Builders
    • Construction Turret1 Con turret

    Some games also: converter (49%) · wind (48%)

    By 7:00 in all: 4 mex · 10 wind · 1 geo · 1 Advanced Geothermal Powerplant · 10 converter · 1 energy storage

    The example game in this phase · 10 steps
    1. Converter
    2. Con turret
    3. Converter ×2
    4. Con turret
    5. Converter
    6. Advanced Metal ExtractorT2 mex ×2done 5:59 · typical 5:34
    7. Con turret
    8. Advanced Metal ExtractorT2 mex ×2
    9. Wind ×2
    10. Vehicle PlantVehicle Plantdone 6:43 · typical 7:07
  4. 4

    Vehicle Plant to 10:00

    Economy
    • Wind Turbine5Wind
    • Energy Converter3Converter
    Order
    1. Advanced Vehicle PlantAdvanced Vehicle Plant after 11 wind, 11 converter, 7 con turret
    Builders
    • Construction Vehicle1 Con vehicle
    Army
    • Starlight2 Starlight
    • Umbra1 Jammer
    • Prophet1 Radar vehicle

    Some games also: con turret (50%) · T2 con vehicle for allies (48%) · Jaguar (31%)

    By 10:00 in all: 4 mex · 20 wind · 1 geo · 1 Advanced Geothermal Powerplant · 16 converter · 1 energy storage

    The example game in this phase · 74 steps
    1. BlitzBlitz ×2
    2. Wind
    3. BlitzBlitz
    4. Wind
    5. BlitzBlitz ×4
    6. PrudePrudedone 7:40
    7. BlitzBlitz ×6
    8. Metal storage
    9. BlitzBlitz ×2
    10. Con turret
    11. Construction VehicleCon vehicle
    12. Con turret
    13. Advanced Vehicle PlantAdvanced Vehicle Plantdone 8:24 · typical 8:07
    14. Advanced solar
    15. StarlightStarlightdone 8:53 · typical 9:03
    16. Advanced solar
    17. Wind ×5
    18. StarlightStarlight
    19. Wind
    20. JaguarJaguar
    21. Wind
    22. JaguarJaguar
    23. Wind
    24. JaguarJaguar
    25. Wind ×2
    26. JaguarJaguar
    27. Wind ×2
    28. JaguarJaguar
    29. Wind ×2
    30. JaguarJaguar
    31. Wind ×6
    32. Energy storage
    33. JaguarJaguar
    34. Wind ×3
    35. UmbraJammer
    36. Wind
    37. ProphetRadar vehicle
    38. Wind
    39. StarlightStarlight
    40. Wind ×2
    41. StarlightStarlight
    42. Wind ×3
    43. StarlightStarlight
    44. Wind ×3
    45. JaguarJaguar
    46. Wind
    47. JaguarJaguar
    48. Wind
    49. JaguarJaguar
    50. Wind ×2
    51. JaguarJaguar
    52. Wind
    53. JaguarJaguar
    54. Wind
    55. BullBulldone 11:29
    56. Wind
    57. BullBull
    58. Wind
    59. JaguarJaguar
    60. Wind
    61. Advanced Construction VehicleT2 con vehicle
    62. Wind
    63. UmbraJammer ×2
    64. ConsulConsul ×2
    65. TracerTracer
    66. Advanced Radar TowerAdvanced Radar Tower
    67. Con turret
    68. PlatypusPlatypus ×12
    69. Con turret
    70. PlatypusPlatypus ×2
    71. Con turret
    72. PlatypusPlatypus ×2
    73. Con turret
    74. PlatypusPlatypus ×14

Counts are medians over the build's games: half of them build more, half fewer. The example game is zeus_on_god's (37 OS, 26/09/2026); pick another.

Team trades

IN AT LEAST 30% OF ITS GAMES

You hand over

  • Lazarus1 Lazarus to Beach seafirst at 2:16 · in 78% of games
  • Construction Bot1 Con bot to Beach seafirst at 2:31 · in 88% of games
  • Advanced Construction Vehicle1 T2 con vehicle to Suicide front or Frontfirst at 8:52 · in 62% of games

You get

  • Hercules1 Light transport from Airfirst at 4:20 · in 35% of games
  • Advanced Construction Bot1 T2 con bot from Techfirst at 4:48 · in 95% of games

How it plays out

Typical game of this build, running totals by minute

Metal produced

020k40k
0:005:0010:0015:00

metal

Enemy metal destroyed

05k10k15k
0:005:0010:0015:00

metal

Own metal lost

02.5k5k7.5k
0:005:0010:0015:00

metal

800 games.

Show as table
ByMetal produced: This buildEnemy metal destroyed: This buildOwn metal lost: This build
1:0033300
2:0082600
3:00152700
4:00270000
5:00372800
6:00572800
7:00814500
8:0011494021
9:001451051130
10:0017421615320
11:00204012076790
12:002333640221927
13:002607961903323
14:002899585234783
15:0031544103856248
WHAT THE NUMBERS SAY

Standard Geo build dominates the resource numbers, with zero own losses through 10:00 and a huge metal lead by 15:00.

  • + Metal produced hits 31426 by 15:00, highest of all six builds
  • + Own metal lost is 0 by 5:00 and only 334 by 10:00
  • − First Starlight only arrives in 57% of games by 9:19
  • − Advanced geothermal lands in just 69% of games by 7:16
THE EXAMPLE YOU ARE READING

zeus_on_god

36.7 OS · 26/09/2026

Open source match ↗

3 received units · includes a constructor
4845 metal received · 77051 energy received

Allied construction assistance is unknown. Timings are observations, not a promise of solo reproducibility.

Typical milestones

Bot Lab1:12Middle 50%: 0:58–1:22 · n=799
Geothermal Powerplant3:26Middle 50%: 3:10–3:42 · n=798
Advanced Metal Extractor5:34Middle 50%: 5:18–5:56 · n=797
Advanced Geothermal Powerplant7:06Middle 50%: 6:49–7:34 · n=578
Vehicle Plant7:07Middle 50%: 6:42–7:41 · n=761
Advanced Vehicle Plant8:07Middle 50%: 7:41–8:51 · n=723
Starlight9:03Middle 50%: 8:31–9:53 · n=634

Played most by

zeus_on_god84games of this build0neTw083games of this buildViltrum53games of this buildDamsko40games of this buildXad39games of this build